 Dungeon Crawl Stone Soup version 0.28.0-1-gb440e238dd (webtiles) character file.

Game seed: 12183174749357908023

399 Fallenstar the Covered (level 6, -1/53 HPs)
             Began as a Minotaur Fighter on Feb 19, 2022.
             Was an Initiate of Hepliaklqana.
             Slain by a gnoll (6 damage)
             ... on level 5 of the Dungeon.
             The game lasted 00:11:49 (3267 turns).

Fallenstar the Covered (Minotaur Fighter)           Turns: 3267, Time: 00:11:51

Health: -1/53      AC:  8    Str: 27    XL:     6   Next: 53%
Magic:  5/5        EV: 10    Int:  5    God:    Hepliaklqana [......]
Gold:   115        SH:  0    Dex:  9    Spells: 5/5 levels left

rFire   . . .      SeeInvis .   a - +0 war axe
rCold   x . .      Faith    .   c - +0 buckler
rNeg    . . .      Spirit   .   q - +0 scale mail "Ocibuty" {+Inv rElec rC- Str+4}
rPois   .          Reflect  .   (helmet restricted)
rElec   +          Harm     .   (no cloak)
rCorr   .          Rampage  .   l - +0 pair of gloves
Will    .....                   (no boots)
Stlth   ..........              (no amulet)
HPRegen 0.17/turn               (no ring)
MPRegen 0.09/turn               (no ring)

@: confused, ambrosia-drunk
A: horns 2, retaliatory headbutt
a: Renounce Religion, Evoke Invisibility


You were on level 5 of the Dungeon.
You worshipped Hepliaklqana.
Hepliaklqana was noncommittal.
You visited 2 branches of the dungeon, and saw 6 of its levels.

You collected 115 gold pieces.

Inventory:

Hand Weapons
 a - a +0 war axe (weapon)
Armour
 c - a +0 buckler (worn)
 l - a +0 pair of gloves (worn)
 q - the +0 scale mail "Ocibuty" (worn) {+Inv rElec rC- Str+4}
   (You found it on level 3 of the Dungeon)

   Str:       It affects your strength (+4).
   rC:        It makes you vulnerable to cold.
   rElec:     It insulates you from electricity.
   +Inv:      It lets you turn invisible.
Jewellery
 j - an amulet of faith
 n - an amulet of guardian spirit
Wands
 o - a wand of polymorph (12)
Scrolls
 b - 2 scrolls of teleportation {unknown}
 f - a scroll of vulnerability {unknown}
 g - a scroll of blinking {unknown}
 h - a scroll of fear {unknown}
 i - 5 scrolls of identify
Potions
 d - a potion of might
 e - a potion of lignification


   Skills:
 + Level 4.6 Fighting
 + Level 5.4 Axes
 + Level 5.6 Armour
 + Level 1.2 Dodging
 + Level 4.9 Shields


You had 5 spell levels left.
You didn't know any spells.
Your spell library contained the following spells:

 Spells                   Type           Power      Damage    Failure   Level
 Summon Small Mammal      Summ           0%         N/A       82%         1
 Call Canine Familiar     Summ           0%         N/A       99%         3
 Stone Arrow              Conj/Erth      0%         3d7       99%         3
 Summon Guardian Golem    Hex/Summ       0%         N/A       99%         3
 Swiftness                Air            0%         N/A       99%         3
 Tukima's Dance           Hex            0%         N/A       99%         3
 Airstrike                Air            0%         N/A       100%        4
 Passage of Golubria      Tloc           0%         N/A       100%        4
 Freezing Cloud           Conj/Ice/Air   0%         6-21      100%        5
 Yara's Violent Unravell  Hex/Tmut       0%         3d3       100%        5
 Simulacrum               Ice/Necr       0%         N/A       100%        6
 Malign Gateway           Summ/Tloc      0%         N/A       100%        7
 Borgnjor's Revivificati  Necr           0%         N/A       100%        8
 Lehudib's Crystal Spear  Conj/Erth      0%         10d2      100%        8
 Necromutation            Tmut/Necr      0%         N/A       100%        8
 Summon Horrible Things   Summ           0%         N/A       100%        8
 Death's Door             Necr           0%         N/A       100%        9
 Polar Vortex             Ice            0%         N/A       100%        9


Dungeon Overview and Level Annotations

Branches:
Dungeon (5/15)             Temple (1/1) D:4

Altars:
Ashenzari
Cheibriados
Dithmenos
Elyvilon
Fedhas
Gozag
Hepliaklqana
Kikubaaqudgha
Makhleb
Nemelex Xobeh
Okawaru
Qazlal
Ru
Sif Muna
Trog
Uskayaw
Vehumet
Wu Jian
Xom
Yredelemnul
Zin

Shops:
D:3 (


Innate Abilities, Weirdness & Mutations

You have a pair of horns on your head.
You reflexively headbutt those who attack you in melee.


Message History

You struggle against the net.
The gnoll hits you from afar with a +0 spear.
The scorpion barely misses you.
You tear a large gash into the net.
The scorpion stings you but does no damage.
The gnoll hits you from afar with a +0 spear.
The orc barely misses you. You furiously retaliate!
You headbutt the orc. The scorpion stings you!
Okay, then.
As you read the scroll of fog, it crumbles to dust.
The scroll dissolves into smoke.
The orc zaps a wand.
You resist with some effort.
The gnoll hits you from afar with a +0 spear.
The gnoll hits you from afar with a +0 halberd.
The scorpion barely misses you. The orc hits you but does no damage.
It was a potion of ambrosia.
You are confused.
You feel invigorated.
The orc zaps a wand.
You resist with some effort. The gnoll hits you but does no damage.
The gnoll hits you from afar with a +0 halberd!
The gnoll hits you with a +0 club.
The scorpion stings you but does no damage.
The orc hits you with a +0 whip.
* * * LOW HITPOINT WARNING * * *
You rip the net and break free!
The orc zaps a wand.
You resist with some effort.
The gnoll hits you from afar with a +0 spear.
* * * LOW HITPOINT WARNING * * *
The gnoll hits you from afar with a +0 halberd!
* * * LOW HITPOINT WARNING * * *
The gnoll hits you but does no damage. The scorpion stings you.
* * * LOW HITPOINT WARNING * * *
The orc completely misses you.
You slash the orc!
You kill the orc!
You slash the scorpion!
You kill the scorpion!
You hit the gnoll. You hit the orc.
The gnoll hits you from afar with a +0 spear.
You die...

.$ .# ... #.#
...# ##..##
....######.....#.
.....§§§§§.......
#..§o@§§......
####go§§..##.#
##§gg###..#
##).###..########
##...#..........
##............. o
##..########## ..
##....# ...
##g....#


You could see 3 gnolls and 2 orcs.

Vanquished Creatures
  A water moccasin (D:4)
  3 scorpions
  An iguana (D:4)
  A killer bee zombie (D:4)
  A gnoll (D:5)
  4 adders
  An ufetubus (D:4)
  An adder zombie (D:3)
  A worm (D:4)
  3 orcs
  8 ball pythons
  6 endoplasms
  3 giant cockroaches
  6 goblins
  7 hobgoblins
  A jackal (D:3)
  4 kobolds
  2 quokkas
  9 bats
  4 frilled lizards
  4 rats
71 creatures vanquished.

Notes
Turn   | Place    | Note
-------+----------+-------------------------------------------
     0 | D:1      | Fallenstar the Minotaur Fighter began the quest for the
                  | Orb.
     0 | D:1      | Reached XP level 1. HP: 19/19 MP: 0/0
   427 | D:1      | Reached XP level 2. HP: 27/27 MP: 1/1
  1128 | D:2      | Reached XP level 3. HP: 33/33 MP: 2/2
  1243 | D:3      | Found Ded Oghek's Antique Weapon Emporium.
  1557 | D:3      | Identified the +0 scale mail "Ocibuty" {+Inv rElec rC-
                  | Str+4}
  1605 | D:3      | Reached XP level 4. HP: 35/40 MP: 3/3
  2100 | D:4      | Noticed a scorpion
  2103 | D:4      | Found a staircase to the Ecumenical Temple.
  2105 | D:4      | Killed a scorpion
  2106 | D:4      | Reached XP level 5. HP: 46/46 MP: 4/4
  2114 | Temple   | Entered the Ecumenical Temple
  2198 | Temple   | Became a worshipper of Hepliaklqana the Forgotten
  2266 | D:4      | Reached skill level 5 in Armour
  2266 | D:4      | Reached skill level 1 in Dodging
  2706 | D:4      | Reached skill level 5 in Axes
  2706 | D:4      | Reached XP level 6. HP: 43/53 MP: 5/5
  2849 | D:4      | Got the Disquisition on Flying Confrontation
  2935 | D:5      | Entered Level 5 of the Dungeon
  2935 | D:5      | Noticed a water moccasin
  2946 | D:4      | Killed a water moccasin
  3266 | D:5      | HP: 1/53 [scorpion (3)]
  3267 | D:5      | Slain by a gnoll

Illustrated notes

Levels and vault maps discovered:
D:1:      eino_arrival_cavern_a, layout_loops_ring, serial_glass,
          glass_columns_b, glass_columns_c, glass_columns_a, glass_columns_a,
          glass_columns_a, glass_columns_b, glass_columns_b, glass_columns_c
D:2:      layout_rooms
D:3:      minmay_evil_eye, layout_basic, serial_shops, nicolae_lakefront_shop,
          grunt_ministairs_10, minmay_cut_off
D:4:      layout_loops_ring, minmay_temple_entry_drinking_statues
D:5:      layout_layer_cave
Temple:   dpeg_three_leaves_temple

Skill      XL: |  1  2  3  4  5 |
---------------+----------------+-----
Armour         | 4 5 |  5.6
Fighting       | 4 |  4.6
Shields        | 4 |  4.9
Axes           | 3 4 5 |  5.4
Dodging        | 1 |  1.2

Action                   |  1- 3 |  4- 6 || total
-------------------------+-------+-------++-------
Melee: War axe           |    85 |    65 ||   150
       Headbutt          |    13 |     8 ||    21
  Use: Potion            |       |     9 ||     9
       Scroll            |       |     5 ||     5
Armor: Scale mail        |    36 |    44 ||    80
       Skin              |       |     1 ||     1
Dodge: Dodged            |    37 |    47 ||    84
Block: Buckler           |    20 |    17 ||    37
